 Dungeon Crawl Stone Soup version 0.23-a0-32-g1388f29 (webtiles) character file.

299 glosham the Fighter (level 6, -3/62 HPs)
             Began as a Hill Orc Abyssal Knight on Aug 4, 2018.
             Was a Follower of Lugonu.
             Slain by a fire bat (9 damage)
             ... on level 4 of the Abyss.
             The game lasted 00:08:14 (173 turns).

glosham the Fighter (Hill Orc Abyssal Knight)        Turns: 173, Time: 00:08:15

Health: -3/62      AC:  3    Str: 17    XL:     6   Next: 36%
Magic:  7/7        EV: 11    Int: 12    God:    Lugonu [*.....]
Gold:   66         SH:  0    Dex: 10    Spells: 5/5 levels left

rFire    . . .     SeeInvis .   a - +1 hand axe
rCold    . . .     Gourm    .   (no shield)
rNeg     . . .     Faith    .   b - +0 leather armour
rPois    .         Spirit   .   (no helmet)
rElec    .         Reflect  .   (no cloak)
rCorr    .         Harm     .   (no gloves)
MR       .....                  (no boots)
Stlth    +.........             (no amulet)
HPRegen  0.20/turn              (no ring)
MPRegen  0.10/turn              (no ring)

@: no status effects
A: no striking features
a: Depart the Abyss, Renounce Religion


You were on level 4 of the Abyss.
You worshipped Lugonu.
Lugonu was aware of your devotion.
You were not hungry.

You visited 0 branches of the dungeon, and saw 0 of its levels.
You visited the Abyss 1 time.

You collected 66 gold pieces.

Inventory:

Hand Weapons
 a - a +1 hand axe (weapon)
Armour
 b - a +0 leather armour (worn)
Wands
 d - a wand of iceblast (5)
 f - a wand of paralysis (12)
 h - a wand of acid (4)
Potions
 e - a potion of brilliance {unknown}
 g - a potion of heal wounds {unknown}
Comestibles
 c - a ration


   Skills:
 * Level 8.3 Fighting
 - Level 2.6 Axes
 - Level 2.1 Armour
 - Level 0.7 Dodging
 - Level 2.4 Invocations


You had 5 spell levels left.
You didn't know any spells.
Your spell library was empty.

Dungeon Overview and Level Annotations

Branches:
Dungeon (0/15)

Altars:


Message History

The raiju bursts into living lightning!
The living lightning hits you!
The raiju blinks! x2
Evoke which item? (* to show all) (? for menu, Esc to quit)
Aiming: Paralyse
Press: ? - help, Shift-Dir - straight line, f - fire bat
Aim: a fire bat (chance to defeat MR: 54%)
Okay, then.
Evoke which item? (* to show all) (? for menu, Esc to quit)
Aiming: Paralyse
Press: ? - help, Shift-Dir - straight line, f - raiju
Aim: a raiju (chance to defeat MR: 46%)
The raiju suddenly stops moving!
A raiju comes into view.
The fire bat bites you.
You are engulfed in flames!
Evoke which item? (* to show all) (? for menu, Esc to quit)
Aiming: Corrosive Bolt
Press: ? - help, Shift-Dir - straight line, f/p - raiju
Aim: a raiju (paralysed)
The bolt of acid hits the fire bat.
The fire bat is splashed with acid.
The acid corrodes the fire bat!
The fire bat is heavily wounded.
The bolt of acid hits the raiju.
The raiju is splashed with acid.
The acid corrodes the raiju!
The raiju is moderately wounded.
The fire bat barely misses you. The fire bat bites you.
You are engulfed in flames.
Evoke which item? (* to show all) (? for menu, Esc to quit)
Aiming: Corrosive Bolt
Press: ? - help, Shift-Dir - straight line, f/p - raiju
Aim: a raiju (moderately wounded, paralysed, covered in acid)
The bolt of acid misses the fire bat.
The bolt of acid hits the raiju.
The raiju is splashed with acid.
The acid corrodes the raiju!
The raiju is severely wounded.
The chaos spawn gives a loud, deep croak!
The fire bat bites you.
You are engulfed in flames!
* * * LOW HITPOINT WARNING * * *
The fire bat bites you.
* * * LOW HITPOINT WARNING * * *
You are engulfed in flames!
You die...

. #.## #. #..# .
#.. #..# . #
..##..## .##..
#...# ##§#.#
#h.#_4§.... .
###...#.. #####
#...##.#b#..#......
#....@###..##..## #
##...##....b#.#. #
. #.#. #
#.#.......## ..
..####.#.#..#....
...
......#..##..... #.
.... #....##..# .
...## #......
.#.#### ...#
#.#..##... #...#
#.#...#.#.##....


You could see a raiju (paralysed), a chaos spawn and a fire bat.

Vanquished Creatures
  2 spatial vortices (Abyss:3)
  A crimson imp (Abyss:3)
  A jelly (Abyss:2)
4 creatures vanquished.

Notes
Turn   | Place    | Note
-------+----------+-------------------------------------------
     0 | Abyss:1  | glosham the Hill Orc Abyssal Knight began the quest for the Orb.
     0 | Abyss:1  | Reached XP level 1. HP: 19/19 MP: 2/2
    33 | Abyss:2  | Found a corrupted altar of Lugonu.
    67 | Abyss:2  | Noticed a jelly
    69 | Abyss:2  | Killed a jelly
    69 | Abyss:2  | Reached skill level 5 in Fighting
    69 | Abyss:2  | Reached XP level 2. HP: 29/29 MP: 3/3
    69 | Abyss:2  | Reached XP level 3. HP: 36/36 MP: 4/4
    78 | Abyss:3  | Found a corrupted altar of Lugonu.
   127 | Abyss:3  | Noticed a spatial vortex
   128 | Abyss:3  | Noticed a spatial vortex
   130 | Abyss:3  | Noticed a spatial vortex
   133 | Abyss:3  | Killed a spatial vortex
   133 | Abyss:3  | Reached skill level 7 in Fighting
   133 | Abyss:3  | Reached XP level 4. HP: 47/47 MP: 5/5
   133 | Abyss:3  | Reached XP level 5. HP: 52/52 MP: 6/6
   134 | Abyss:3  | Noticed a spatial vortex
   137 | Abyss:3  | Killed a spatial vortex
   137 | Abyss:3  | Reached skill level 8 in Fighting
   137 | Abyss:3  | Reached XP level 6. HP: 62/62 MP: 7/7
   140 | Abyss:3  | Noticed a spatial vortex
   140 | Abyss:3  | Noticed a spatial vortex
   140 | Abyss:3  | Noticed a large abomination
   167 | Abyss:4  | Found a corrupted altar of Lugonu.
   168 | Abyss:4  | Noticed a raiju
   168 | Abyss:4  | Noticed a fire bat
   169 | Abyss:4  | Noticed a raiju
   171 | Abyss:4  | Noticed a chaos spawn
   173 | Abyss:4  | HP: 6/62 [fire bat (4)]
   173 | Abyss:4  | Slain by a fire bat

Vault maps used:
Abyss:2:  bh_abyss_negative
Abyss:3:  nicolae_abyss_rune_star_stuff, evilmike_abyss_exit_8
Abyss:4:  due_evilmike_abyss_rune_seething_liches, patterned_corridor

Skill      XL: |  1  2  3  4  5 |
---------------+----------------+-----
Fighting       | 5 7 8 |  8.3
Axes           | |  2.6
Armour         | |  2.1
Dodging        | |  0.7
Invocations    | |  2.4

Action                   |  1- 3 |  4- 6 || total
-------------------------+-------+-------++-------
Evoke: Wand              |     4 |     8 ||    12
  Use: Scroll            |     1 |       ||     1
Dodge: Dodged            |       |     1 ||     1

Table legend:
 A = Spawn XP
 B = Non-spawn XP
 C = Spawn XP percentage of total XP
 D = Spawn monster count
 E = Non-spawn monster count
 F = Spawn count percentage of total count
 G = Total turns spent on level
                    A         B        C        D         E        F      G
               +---------+---------+-------+---------+---------+-------+---------
         Total |       0 |     428 |   0.0 |       0 |       4 |   0.0 |   173
               +---------+---------+-------+---------+---------+-------+---------
       Abyss:2 |       0 |      46 |   0.0 |       0 |       1 |   0.0 |    46
       Abyss:3 |       0 |     382 |   0.0 |       0 |       3 |   0.0 |    66
               +---------+---------+-------+---------+---------+-------+---------

Table legend:
 A = Turns spent in this place as a percentage of turns spent in the entire game.
 B = Non-inter-level travel turns spent in this place as a percentage of non-inter-level travel turns spent in the entire game.
 C = Inter-level travel turns spent in this place as a percentage of turns spent in this place.
 D = Turns resting spent in this place as a percentage of non-inter-level travel turns spent in this place.
 E = Turns spent auto-exploring this place as a percentage of non-inter-level travel turns spent in this place.
 F = Non-inter-level travel turns spent in this place divided by the number of levels of this place that you've seen.
                   A       B       C       D       E      F
               +-------+-------+-------+-------+-------+----------------------
         Total | 100.0 | 100.0 |   0.0 |   0.0 |   0.0 |  43.2
         Abyss | 100.0 | 100.0 |   0.0 |   0.0 |   0.0 |  43.2
               +-------+-------+-------+-------+-------+----------------------

Table legend:
 A = Kills in this place as a percentage of kills in entire the game.
 B = Kills by you in this place as a percentage of kills by you in the entire game.
 C = Kills by friends in this place as a percentage of kills by friends in the entire game.
 D = Other kills in this place as a percentage of other kills in the entire game.
 E = Experience gained in this place as a percentage of experience gained in the entire game.
 F = Experience gained in this place divided by the number of levels of this place that you have seen.
                   A       B       C       D       E      F
               +-------+-------+-------+-------+-------+----------------------
         Total | 100.0 | 100.0 |   N/A |   N/A | 100.0 | 107.0
         Abyss | 100.0 | 100.0 |   N/A |   N/A | 100.0 | 107.0
               +-------+-------+-------+-------+-------+----------------------

Vault maps used:
Abyss:2:  bh_abyss_negative
Abyss:3:  nicolae_abyss_rune_star_stuff, evilmike_abyss_exit_8
Abyss:4:  due_evilmike_abyss_rune_seething_liches, patterned_corridor
